 Dungeon Crawl Stone Soup version 0.23.2 (webtiles) character file.

Game seed: 2690531447825580644

25 Leeroy the Conjurer (level 2, 0/20 HPs)
             Began as a Draconian Conjurer on Apr 13, 2019.
             Slain by a jackal (3 damage)
             ... on level 1 of the Dungeon.
             The game lasted 00:02:29 (590 turns).

Leeroy the Conjurer (Draconian Conjurer)             Turns: 590, Time: 00:02:30

Health: 0/20       AC:  4    Str: 10    XL:     2   Next: 82%
Magic:  1/5        EV: 12    Int: 15    God:
Gold:   78         SH:  0    Dex: 11    Spells: 2/5 levels left

rFire    . . .     SeeInvis .   a - +0 short sword
rCold    . . .     Gourm    .   (no shield)
rNeg     . . .     Faith    .   (armour unavailable)
rPois    .         Spirit   .   (helmet restricted)
rElec    .         Reflect  .   (no cloak)
rCorr    .         Harm     .   (no gloves)
MR       .....                  (no boots)
Stlth    ++........             (no amulet)
HPRegen  0.06/turn              (no ring)
MPRegen  0.09/turn              (no ring)

@: no status effects
A: unfitting armour, cold-blooded, AC +4
a: no special abilities


You were on level 1 of the Dungeon.
You were not hungry.

You visited 1 branch of the dungeon, and saw 1 of its levels.

You collected 78 gold pieces.

Inventory:

Hand Weapons
 a - a +0 short sword (weapon)
Missiles
 e - 33 arrows
 i - 27 stones (quivered)
Jewellery
 l - an uncursed amulet of harm {unknown}
Scrolls
 g - 2 scrolls of teleportation {unknown}
 h - a scroll of identify {unknown}
 j - a scroll of fog {unknown}
 k - a scroll of noise {unknown}
 m - a scroll of fear {unknown}
Potions
 c - a potion of haste {unknown}
 d - a potion of brilliance {unknown}
Comestibles
 b - 2 rations
 f - 3 chunks of flesh


   Skills:
 - Level 1.7 Dodging
 - Level 1.7 Stealth
 - Level 2.0 Spellcasting
 + Level 4.9 Conjurations


You had 2 spell levels left.
You knew the following spells:

 Your Spells              Type           Power        Failure   Level  Hunger
a - Magic Dart            Conj           ###.         3%          1    #......
b - Searing Ray           Conj           ###...       4%          2    ###....

Your spell library contained the following spells:

 Spells                   Type           Power        Failure   Level  Hunger
 Dazzling Spray           Conj/Hex       #.....       24%         3    ###....
 Iskenderun's Mystic Bla  Conj           ###.....     28%         4    #####..
 Force Lance              Conj/Tloc      #.......     63%         4    #####..
 Fulminant Prism          Conj/Hex       #.........   63%         4    #####..


Dungeon Overview and Level Annotations

Branches:
Dungeon (1/15)

Altars:


Innate Abilities, Weirdness & Mutations

Your plain brown scales are hard. (AC +4)
You cannot fit into any form of body armour.
You are cold-blooded and may be slowed by cold attacks.


Message History

* * * LOW HITPOINT WARNING * * *
Some of the chunks of flesh in your inventory have rotted away.
The jackal bites you but does no damage.
The jackal closely misses you.
Casting: Searing Ray (safe; 4% risk of failure)
Confirm with . or Enter, or press ? or * to list all spells.
Aiming: Magic Dart (safe; 3% risk of failure)
Press: ? - help, Shift-Dir - straight line, f - jackal
Aim: a jackal (moderately wounded)
Okay, then.
Casting: Magic Dart (safe; 3% risk of failure)
Confirm with . or Enter, or press ? or * to list all spells.
Aiming: Searing Ray (safe; 4% risk of failure)
Press: ? - help, Shift-Dir - straight line, f - jackal
Aim: a jackal The searing ray misses the jackal.
The searing ray hits the jackal.
You kill the jackal! (Press . to maintain the ray.)
The jackal bites you.
You die...

### ### ..#
#.###.# ..#
#.....# ..#
###.#.#.## #.#####
#.........
#.#...###.#.#.#.#.
#.#.........#.#...
#.#..##.#.###.###.
#@#..##......<....
#h#...#.#.###.###.
#.#.........#.#...
#h#..####.#.#.#.#.
#h#.....#.........
#K#.....###.#.#.##
#.#..#....#.....##
#h#.......#.###.#.
#.##.#.)......###.


You could see 4 jackals and a kobold.

Vanquished Creatures
  A dart slug (D:1)
  2 giant cockroaches (D:1)
  A goblin (D:1)
  4 hobgoblins (D:1)
  2 jackals (D:1)
  A kobold (D:1)
  A ball python (D:1)
  3 bats (D:1)
  3 frilled lizards (D:1)
  4 rats (D:1)
22 creatures vanquished.

Notes
Turn   | Place    | Note
-------+----------+-------------------------------------------
     0 | D:1      | Leeroy the Draconian Conjurer began the quest for the Orb.
     0 | D:1      | Reached XP level 1. HP: 14/14 MP: 3/3
   139 | D:1      | Reached XP level 2. HP: 13/20 MP: 0/5
   290 | D:1      | Learned a level 2 spell: Searing Ray
   590 | D:1      | Slain by a jackal

Action                   || total
-------------------------++-------
Melee: Short sword       ||    70
       Tailslap          ||     2
 Cast: Magic Dart        ||    10
       Searing Ray       ||     2
Armor: Skin              ||    34
Dodge: Dodged            ||    85
